 Dungeon Sprint DCSS version 0.26-a0-649-gf8c6c3aab7 (webtiles) character file.

Game seed: 4067517962157775511

5756 sahdkjhfkaj the Thaumaturge (level 10, -4/83 HPs)
             Began as a Gnoll Necromancer on Sept 26, 2020.
             Was the Champion of Kikubaaqudgha.
             Slain by a black mamba (40 damage)
             ... in the Dungeon (Sprint VII: "The Pits").
             The game lasted 00:12:56 (4007 turns).

sahdkjhfkaj the Thaumaturge (Gnoll Necromancer)     Turns: 4007, Time: 00:12:57

Health: -4/83      AC: 10    Str: 14    XL:     10   Next: 78%
Magic:  1/24       EV: 19    Int: 21    God:    Kikubaaqudgha [******]
Gold:   0          SH:  0    Dex: 15    Spells: 9/30 levels left

rFire    . . .     SeeInvis .   q - +4 quarterstaff (speed)
rCold    . . .     Faith    .   (shield currently unavailable)
rNeg     . . .     Spirit   .   a - +0 robe
rPois    .         Reflect  .   s - +0 helmet
rElec    .         Harm     .   (no cloak)
rCorr    .         Rampage  .   r - +0 pair of gloves
MR       .....     NoTele   +   m - +0 pair of boots
Stlth    ++++......             (no amulet)
HPRegen  0.23/turn              n - +3 ring of protection
MPRegen  0.19/turn              p - +3 ring of strength

@: sleeping
A: distributed training, fangs 1, strong nose
a: Receive Corpses, Torment, Renounce Religion


You were in the Dungeon.
You worshipped Kikubaaqudgha.
Kikubaaqudgha was exalted by your worship.
You visited 1 branch

Inventory:

Hand Weapons
 q - a +4 quarterstaff of speed (weapon)
Armour
 a - a +0 robe (worn)
 m - a +0 pair of boots (worn)
 r - a +0 pair of gloves (worn)
 s - a +0 helmet (worn)
Jewellery
 n - a +3 ring of protection (left hand)
 p - a +3 ring of strength (right hand)
Scrolls
 i - 3 scrolls of remove curse
 j - 5 scrolls of amnesia
 l - 2 scrolls of vulnerability
Potions
 b - a potion of invisibility
 c - 7 potions of heal wounds
 d - 6 potions of curing
 e - a potion of haste
 f - 3 potions of magic
 o - 4 potions of might


   Skills:
 + Level 9.3 Fighting
 + Level 9.3 Short Blades
 + Level 9.3 Long Blades
 + Level 9.3 Axes
 + Level 9.3 Maces & Flails
 + Level 9.3 Polearms
 + Level 9.3 Staves
 + Level 9.3 Slings
 + Level 9.3 Bows
 + Level 9.3 Crossbows
 + Level 9.3 Throwing
 + Level 9.3 Armour
 + Level 10.4 Dodging
 + Level 10.2 Stealth
 + Level 9.3 Shields
 + Level 9.3 Unarmed Combat
 + Level 10.5 Spellcasting
 + Level 7.8 Conjurations
 + Level 7.8 Hexes
 + Level 7.8 Summonings
 + Level 10.5 Necromancy
 + Level 7.8 Translocations
 + Level 7.8 Transmutations
 + Level 7.8 Fire Magic
 + Level 7.8 Ice Magic
 + Level 7.8 Air Magic
 + Level 7.8 Earth Magic
 + Level 7.8 Poison Magic
 + Level 10.2 Invocations
 + Level 9.3 Evocations


You had 9 spell levels left.
You knew the following spells:

 Your Spells              Type           Power        Failure   Level
a - Pain                  Necr           ####         1%          1
b - Vampiric Draining     Necr           ######....   1%          3
c - Dispel Undead         Necr           ######..     1%          4
d - Agony                 Necr           ######..     2%          5
e - Infestation           Necr           ######....   99%         8

Your spell library contained the following spells:

 Spells                   Type           Power        Failure   Level
 Animate Skeleton         Necr           ######       1%          1
 Sublimation of Blood     Necr           ######....   1%          2
 Animate Dead             Necr           ######....   1%          4
 Borgnjor's Vile Clutch   Necr/Erth      #####.....   3%          5
 Death Channel            Necr           ######....   12%         6
 Haunt                    Necr/Summ      #####.....   75%         7
 Borgnjor's Revivificati  Necr           ######....   99%         8
 Necromutation            Tmut/Necr      #####.....   100%        8
 Death's Door             Necr           ######....   100%        9


Dungeon Overview and Level Annotations

Branches:
Dungeon (1/1)

Altars:
Ashenzari
Cheibriados
Dithmenos
Elyvilon
Fedhas
Gozag
Hepliaklqana
Kikubaaqudgha
Makhleb
Nemelex Xobeh
Okawaru
Qazlal
Ru
Sif Muna
Trog
Uskayaw
Vehumet
Wu Jian
Xom
Yredelemnul
Zin
The Shining One
Beogh
Jiyva
Lugonu


Innate Abilities, Weirdness & Mutations

Your experience applies equally to all skills.
You have very sharp teeth.
Your uncanny sense of smell can sniff out nearby items.


Message History

Unknown command.
Unknown command.
Unknown command.
Unknown command.
As you read the scroll of summoning, it crumbles to dust.
Wisps of shadow whirl around you...
The dream sheep bites you but does no damage.
The dream sheep ruffle their wool and motes of dream dust sparkle, to no effect.
Unknown command.
Unknown command.
Unknown command.
Unknown command.
Unknown command.
The dream sheep are wreathed in dream dust.
You feel drowsy...
You fall asleep.
The dream sheep barely misses you.
Your small abomination closely misses the dream sheep.
The black mamba bites you!!!
You die...
Kikubaaqudgha rasps: "You have failed me!
Welcome... death!"

.....#..#......#
...............+
...............+
.....#..#......#
...............#
##'#####''######
......##''################
......##[(....).†Y#......# .
......##........@YY...÷÷.# ...
..<...##..#####xSY#####÷##.....
......##..'...#...x....YG...Y..
......##..#...#........##'##...
......##..#...#.#####..# ..#
########.(#####.'...#..# E#
########........#...'..##+##.
.#..[.##........#...#......C.
.#....###'###...#...#........


You could see a black mamba, 4 dream sheep and 2 friendly small abominations.

Vanquished Creatures
  2 flayed ghosts (D)
  An orc knight (D)
  2 deep elf magi (D)
  Joseph (D)
  An efreet (D)
  An ice devil (D)
  A komodo dragon (D)
  A merfolk (D)
  3 dream sheep (D)
  A flying skull (D)
  A steam dragon (D)
  Grum (D)
  A floating eye (D)
  A black bear (D)
  2 orc warriors (D)
  A necrophage (D)
  2 eyes of draining (D)
  4 wolves (D)
  A centaur (D)
  A crocodile (D)
  A jelly (D)
  A crimson imp (D)
  A hound (D)
  An orc wizard (D)
  Jessica (D)
  A worker ant (D)
  An iguana (D)
  2 adders (D)
  2 white imps (D)
  2 ufetubi (D)
  5 orcs (D)
  A bat skeleton (D)
  3 giant cockroaches (D)
  A hobgoblin (D)
  3 jackals (D)
  A quokka (D)
  A jackal zombie (D)
  A kobold (D)
  2 rats (D)
60 creatures vanquished.

Notes
Turn   | Place    | Note
-------+----------+-------------------------------------------
     0 | D        | sahdkjhfkaj the Gnoll Necromancer began the quest for the
                  | Orb.
     0 | D        | Reached XP level 1. HP: 13/13 MP: 6/6
    54 | D        | Found a bloodstained altar of Trog.
    54 | D        | Found a shimmering blue altar of Sif Muna.
    54 | D        | Found a viscous altar of Jiyva.
    54 | D        | Found a hazy altar of Hepliaklqana.
    54 | D        | Found an opulent altar of Gozag.
    55 | D        | Found a glowing golden altar of the Shining One.
    55 | D        | Found a glowing silver altar of Zin.
    55 | D        | Found a basalt altar of Yredelemnul.
    55 | D        | Found a shimmering altar of Xom.
    55 | D        | Found an ornate altar of the Wu Jian Council.
    55 | D        | Found a sacrificial altar of Ru.
    55 | D        | Found a stormy altar of Qazlal.
    55 | D        | Found an iron altar of Okawaru.
    55 | D        | Found a sparkling altar of Nemelex Xobeh.
    55 | D        | Found a burning altar of Makhleb.
    55 | D        | Found a blossoming altar of Fedhas.
    55 | D        | Found a white marble altar of Elyvilon.
    55 | D        | Found a shadowy altar of Dithmenos.
    55 | D        | Found a snail-covered altar of Cheibriados.
    56 | D        | Found a radiant altar of Vehumet.
    56 | D        | Found a corrupted altar of Lugonu.
    56 | D        | Found a roughly hewn altar of Beogh.
    57 | D        | Found a hide-covered altar of Uskayaw.
    57 | D        | Found an ancient bone altar of Kikubaaqudgha.
    57 | D        | Found a broken altar of Ashenzari.
    65 | D        | Became a worshipper of Kikubaaqudgha
   108 | D        | Reached skill level 1 in Fighting
   108 | D        | Reached skill level 1 in Short Blades
   108 | D        | Reached skill level 1 in Long Blades
   108 | D        | Reached skill level 1 in Axes
   108 | D        | Reached skill level 1 in Maces & Flails
   108 | D        | Reached skill level 1 in Polearms
   108 | D        | Reached skill level 1 in Staves
   108 | D        | Reached skill level 1 in Slings
   108 | D        | Reached skill level 1 in Bows
   108 | D        | Reached skill level 1 in Crossbows
   108 | D        | Reached skill level 1 in Throwing
   108 | D        | Reached skill level 1 in Armour
   108 | D        | Reached skill level 1 in Shields
   108 | D        | Reached skill level 1 in Unarmed Combat
   108 | D        | Reached skill level 5 in Spellcasting
   108 | D        | Reached skill level 1 in Invocations
   108 | D        | Reached skill level 1 in Evocations
   109 | D        | Reached XP level 2. HP: 8/21 MP: 6/8
   110 | D        | Reached * piety under Kikubaaqudgha
   110 | D        | Identified Kikubaaqudgha's Papyrus of Unholy Rituals
                  | (Kikubaaqudgha gifted it to you in the Dungeon)
   110 | D        | Received a gift from Kikubaaqudgha
   112 | D        | Reached skill level 1 in Conjurations
   112 | D        | Reached skill level 1 in Hexes
   112 | D        | Reached skill level 1 in Summonings
   112 | D        | Reached skill level 1 in Translocations
   112 | D        | Reached skill level 1 in Transmutations
   112 | D        | Reached skill level 1 in Fire Magic
   112 | D        | Reached skill level 1 in Ice Magic
   112 | D        | Reached skill level 1 in Air Magic
   112 | D        | Reached skill level 1 in Earth Magic
   112 | D        | Reached skill level 1 in Poison Magic
   423 | D        | Reached ** piety under Kikubaaqudgha
   450 | D        | Noticed a floating eye
   453 | D        | Paralysed by a floating eye for 3 turns
   460 | D        | Paralysed by a floating eye for 4 turns
   465 | D        | Killed a floating eye
   465 | D        | Reached skill level 5 in Dodging
   465 | D        | Reached skill level 5 in Stealth
   465 | D        | Reached XP level 3. HP: 27/29 MP: 1/10
   465 | D        | Reached XP level 4. HP: 33/35 MP: 1/11
   469 | D        | Reached XP level 5. HP: 29/41 MP: 0/13
   700 | D        | Learned a level 3 spell: Vampiric Draining
   703 | D        | Reached *** piety under Kikubaaqudgha
   703 | D        | Identified Kikubaaqudgha's Volume of Dark Magic
                  | (Kikubaaqudgha gifted it to you in the Dungeon)
   703 | D        | Received a gift from Kikubaaqudgha
   752 | D        | Noticed a wolf
   752 | D        | Noticed a flying skull
   762 | D        | Killed a wolf
   798 | D        | Reached **** piety under Kikubaaqudgha
   798 | D        | Reached XP level 6. HP: 23/48 MP: 0/15
  1022 | D        | Killed a flying skull
  1022 | D        | Reached skill level 5 in Fighting
  1022 | D        | Reached skill level 5 in Short Blades
  1022 | D        | Reached skill level 5 in Long Blades
  1022 | D        | Reached skill level 5 in Axes
  1022 | D        | Reached skill level 5 in Maces & Flails
  1022 | D        | Reached skill level 5 in Polearms
  1022 | D        | Reached skill level 5 in Staves
  1022 | D        | Reached skill level 5 in Slings
  1022 | D        | Reached skill level 5 in Bows
  1022 | D        | Reached skill level 5 in Crossbows
  1022 | D        | Reached skill level 5 in Throwing
  1022 | D        | Reached skill level 5 in Armour
  1022 | D        | Reached skill level 5 in Shields
  1022 | D        | Reached skill level 5 in Unarmed Combat
  1022 | D        | Reached skill level 5 in Invocations
  1022 | D        | Reached skill level 5 in Evocations
  1244 | D        | Reached ***** piety under Kikubaaqudgha
  1244 | D        | Reached XP level 7. HP: 55/56 MP: 13/17
  1270 | D        | Noticed a steam dragon
  1275 | D        | Killed a steam dragon
  1336 | D        | Noticed a deep elf mage
  1346 | D        | Killed a deep elf mage
  1346 | D        | Reached skill level 5 in Conjurations
  1346 | D        | Reached skill level 5 in Hexes
  1346 | D        | Reached skill level 5 in Summonings
  1346 | D        | Reached skill level 5 in Translocations
  1346 | D        | Reached skill level 5 in Transmutations
  1346 | D        | Reached skill level 5 in Fire Magic
  1346 | D        | Reached skill level 5 in Ice Magic
  1346 | D        | Reached skill level 5 in Air Magic
  1346 | D        | Reached skill level 5 in Earth Magic
  1346 | D        | Reached skill level 5 in Poison Magic
  1346 | D        | Reached XP level 8. HP: 28/64 MP: 5/20
  1613 | D        | Learned a level 4 spell: Dispel Undead
  1619 | D        | Learned a level 5 spell: Agony
  1619 | D        | Noticed a deep elf mage
  1628 | D        | Killed a deep elf mage
  1868 | D        | Noticed a merfolk
  1896 | D        | Killed a merfolk
  1896 | D        | Reached ****** piety under Kikubaaqudgha
  1896 | D        | Reached XP level 9. HP: 43/72 MP: 7/21
  1899 | D        | Received a gift from Kikubaaqudgha
  2017 | D        | Learned a level 8 spell: Infestation
  2300 | D        | Noticed Joseph
  2333 | D        | Killed Joseph
  2492 | D        | Noticed Jessica
  2495 | D        | Killed Jessica
  2506 | D        | Noticed Grum
  2506 | D        | Noticed an ice devil
  2523 | D        | Killed an ice devil
  2571 | D        | Killed Grum
  2706 | D        | Noticed a komodo dragon
  2715 | D        | Killed a komodo dragon
  2890 | D        | Noticed a flayed ghost
  2890 | D        | Noticed a cyclops
  2891 | D        | Noticed an orc knight
  2896 | D        | Killed a flayed ghost
  2896 | D        | Reached skill level 10 in Necromancy
  2896 | D        | Reached XP level 10. HP: 82/82 MP: 10/23
  2968 | D        | Noticed a flayed ghost
  3076 | D        | Killed a flayed ghost
  3076 | D        | Reached skill level 10 in Spellcasting
  3151 | D        | Reached skill level 10 in Dodging
  3426 | D        | Killed an orc knight
  3426 | D        | Reached skill level 10 in Stealth
  3436 | D        | HP: 4/83 [orc warrior/cursed -1 war axe[an orc knight]
                  | (22)]
  3590 | D        | Noticed an eye of devastation
  3591 | D        | Noticed a black mamba
  3793 | D        | Reached skill level 10 in Invocations
  4007 | D        | Slain by a black mamba

Illustrated notes

Levels and vault maps discovered:
D:        pitsprint [storerooms_1, entrance_room_1, metal_vault_8, armoury_3,
          mini_pit_1, grid_room_1, main_hall_1, silver_pit, the_coven_1,
          the_vestibule_1, steel_vault_1, golden_pit, hallway_of_sentries,
          crystal_vault_4, iron_vault_5, final_vault]

Skill      XL: |  1  2  3  4  5  6  7  8  9 10 |
---------------+-------------------------------+-----
Fighting       | 1 3 4 5 6 7 8 9 |  9.3
Short Blades   | 1 3 4 5 6 7 8 9 |  9.3
Long Blades    | 1 3 4 5 6 7 8 9 |  9.3
Axes           | 1 3 4 5 6 7 8 9 |  9.3
Maces & Flails | 1 3 4 5 6 7 8 9 |  9.3
Polearms       | 1 3 4 5 6 7 8 9 |  9.3
Staves         | 1 3 4 5 6 7 8 9 |  9.3
Slings         | 1 3 4 5 6 7 8 9 |  9.3
Bows           | 1 3 4 5 6 7 8 9 |  9.3
Crossbows      | 1 3 4 5 6 7 8 9 |  9.3
Throwing       | 1 3 4 5 6 7 8 9 |  9.3
Armour         | 1 3 4 5 6 7 8 9 |  9.3
Shields        | 1 3 4 5 6 7 8 9 |  9.3
Unarmed Combat | 1 3 4 5 6 7 8 9 |  9.3
Spellcasting   | 5 6 7 8 9 10 | 10.5
Invocations    | 1 3 4 5 6 7 9 10 | 10.2
Evocations     | 1 3 4 5 6 7 8 9 |  9.3
Conjurations   | 2 3 4 5 7 |  7.8
Hexes          | 2 3 4 5 7 |  7.8
Summonings     | 2 3 4 5 7 |  7.8
Translocations | 2 3 4 5 7 |  7.8
Transmutations | 2 3 4 5 7 |  7.8
Fire Magic     | 2 3 4 5 7 |  7.8
Ice Magic      | 2 3 4 5 7 |  7.8
Air Magic      | 2 3 4 5 7 |  7.8
Earth Magic    | 2 3 4 5 7 |  7.8
Poison Magic   | 2 3 4 5 7 |  7.8
Dodging        | 5 6 7 8 9 10 | 10.4
Stealth        | 5 6 7 8 9 10 | 10.2
Necromancy     | 8 9 10 | 10.5

Action                   |  1- 3 |  4- 6 |  7- 9 | 10-12 || total
-------------------------+-------+-------+-------+-------++-------
Melee: Quarterstaff      |     9 |    23 |    44 |    26 ||   102
       Bite              |       |     3 |     4 |       ||     7
 Cast: Pain              |    12 |    16 |    33 |    19 ||    80
       Vampiric Draining |       |     5 |    21 |    13 ||    39
       Agony             |       |       |     8 |     7 ||    15
       Dispel Undead     |       |       |     2 |     4 ||     6
Invok: Receive Necronomi |       |       |     1 |       ||     1
       Receive Corpses   |       |       |       |     3 ||     3
       Torment           |       |       |       |     3 ||     3
  Use: Potion            |     3 |     1 |     5 |     3 ||    12
       Scroll            |       |       |       |     2 ||     2
 Stab: Invisible         |       |       |     3 |       ||     3
Armor: Robe              |     2 |     2 |    19 |    12 ||    35
Dodge: Dodged            |    20 |    23 |    85 |    29 ||   157

Table legend: (Time is in decaauts)
 A = Elapsed time spent in this place.
 B = Non-inter-level travel time spent in this place.
 C = Inter-level travel time spent in this place.
 D = Time resting spent in this place.
 E = Time spent auto-exploring this place.
 F = Levels seen in this place.
 G = Mean time per level.
                   A        B        C        D        E       F      G
               +--------+--------+--------+--------+--------+-----+--------+
         Total |   4009 |   3882 |    127 |   2837 |      0 |   1 | 4009.0 |
       Dungeon |   4009 |   3882 |    127 |   2837 |      0 |   1 | 4009.0 |
               +--------+--------+--------+--------+--------+-----+--------+

Top non-repeatable levels by time:
       D: 4009 daAuts
